Workbook

Sheet BG
B2: CADIEM ADMINISTRADORA DE FONDOS PATRIMONIALES DE INVERSIÓN S.A.
B3: BALANCE GENERAL
B4: Correspondiente al 30/06/2026, presentado en forma comparativa con el ejercicio cerrado al 31/12/2025
B5: en Guaraníes
B7: ACTIVO | C7: Nota | D7: 46203 | E7: 46022 | F7: PASIVO | G7: Nota | H7: 46203 | I7: =+E7 -> 46022
B8: Activo Corriente | F8: Pasivo Corriente
B9: Disponibilidades | C9: 5.1 | D9: 941485870 | E9: 1915219586 | F9: Cuentas por Pagar | G9: 5.3 | H9: 2105776459 | I9: 1318504584
B10: Inversiones temporarias | C10: Anexo II | D10: 50612704919 | E10: 46354858203 | F10: Operación en Reporto | G10: 5.3 | H10: 30844385224 | I10: 21322991640
B11: Créditos por Repo | C11: Anexo III | D11: 13800261 | E11: 1.1521311e+08 | F11: Relacionadas | G11: Anexo V | H11: 1303097893 | I11: 1566530069
B12: Créditos | C12: 5.2 | D12: 6981931053 | E12: 5190571653 | F12: Deudas Fiscales | H12: 233537960 | I12: 392448562
B13: Con Relacionadas | C13: Anexo V | D13: 9.3258482e+09 | E13: 1.3608013e+09 | F13: Total Pasivo Corriente | H13: =+SUM(H9:H12) -> 34486797536 | I13: =+SUM(I9:I12) -> 24600474855
B14: Total Activo Corriente | D14: =SUM(D9:D13) -> 67875770304 | E14: =SUM(E9:E13) -> 54936663810 | F14: PATRIMONIO NETO
B15: Activo No Corriente | F15: Capital | G15: EEPN | H15: 28850000000 | I15: 25000000000
B16: Bienes de uso | C16: Anexo IV | D16: 676831235 | E16: 720659803 | F16: Reserva | G16: EEPN | H16: 2340856405 | I16: 2137617786
B17: Activos Intangibles y Cargos Diferidos | C17: Anexo IV | D17: 77388226 | E17: 112169674 | F17: Resultado Acumulado | G17: EEPN | H17: 0 | I17: 0
B18: Otros Creditos | D18: 30864475 | E18: 33371728 | F18: Resultado del Ejercicio | G18: EEPN | H18: 2983200299 | I18: 4064772374
B19: Total Activo No Corriente | D19: =SUM(D16:D18) -> 785083936 | E19: =SUM(E16:E18) -> 866201205 | F19: Total Patrimonio Neto | H19: =SUM(H15:H18) -> 34174056704 | I19: =SUM(I15:I18) -> 31202390160
B20: Total Activo | D20: =+D14+D19 -> 68660854240 | E20: =+E14+E19 -> 55802865015 | F20: Total Pasivo y Patrimonio Neto | H20: =+H13+H19 -> 68660854240 | I20: =+I13+I19 -> 55802865015
B22: Las 9 notas y el Anexo I, II, III, IV, V que se acompañan forman parte integral de los estados financieros.
E26: 9125856

Sheet ER
B2: CADIEM ADMINISTRADORA DE FONDOS PATRIMONIALES DE INVERSIÓN S.A.
B3: ESTADO DE RESULTADO
B4: Correspondiente al 30/06/2026, presentado en forma comparativa con el ejercicio cerrado al 30/06/2025.
B5: en Guaraníes
B7: CONCEPTO | C7: Notas | D7: =+BG!H7 -> 46203 | E7: 45838
B9: INGRESOS OPERATIVOS
B10: Ingresos por Servicios | C10: 5.5 | D10: 23170510529 | E10: 15946519259 | F10: OK
B11: Ingresos Financieros | C11: 5.5 | D11: 2624607595 | E11: 2064196583
B12: Ingreso con Relacionadas | C12: Anexo V | D12: 127636237 | E12: 39825210 | F12: FALSE
B13: Otros Ingresos | C13: 5.5 | D13: 25916274 | E13: 203947841 | F13: FALSE
B14: TOTAL INGRESOS | D14: =SUM(D10:D13) -> 25948670635 | E14: =SUM(E10:E13) -> 18254488893 | F14: FALSE
F15: FALSE
B16: EGRESOS | F16: FALSE
B17: Gastos de Venta | C17: 5.6 | D17: 4641375549 | E17: 183995973 | F17: FALSE
B18: Gastos de Administración | C18: 5.6 | D18: 5988293293 | E18: 3850519622 | F18: FALSE
B19: Gastos Fiscales | C19: 5.6 | D19: 585663 | E19: 294435 | F19: FALSE
B20: Gastos Financieros | C20: 5.6 | D20: 1081483018 | E20: 763174125 | F20: FALSE
B21: Egresos con Relacionadas | C21: Anexo V | D21: 10885081756 | E21: 10394856101 | F21: FALSE
B22: Otros Egresos | C22: 5.6 | D22: 368651057 | E22: 0 | F22: TRUE
B23: TOTAL EGRESOS | D23: =SUM(D17:D22) -> 22965470336 | E23: =SUM(E17:E22) -> 15192840256 | F23: FALSE
F24: FALSE
B25: UTILIDAD O PERDIDA | D25: =+D14-D23 -> 2983200299 | E25: =+E14-E23 -> 3061648637 | F25: FALSE
B26: IMPUESTO A LA RENTA | D26: 0 | F26: FALSE
B27: RESULTADO DEL EJERCICIO | D27: =+D25-D26 -> 2983200299 | E27: =+E25-E26 -> 3061648637
B29: Las 9 notas y el Anexo I, II, III, IV, V que se acompañan forman parte integral de los estados financieros.

Sheet EFE
B2: CADIEM ADMINISTRADORA DE FONDOS PATRIMONIALES DE INVERSIÓN S.A.
B3: ESTADO DE FLUJO DE EFECTIVO
B4: =+ER!B4 -> Correspondiente al 30/06/2026, presentado en forma comparativa con el ejercicio cerrado al 30/06/2025.
B5: (En Guaraníes)
D7: =+ER!D7 -> 46203 | E7: =+ER!E7 -> 45838
B8: 1. | C8: ACTIVIDADES DE OPERACIÓN
C9: Ingreso en efectivo por comisiones y otros | D9: 24040906091 | E9: 16890709716
C10: Efectivo pagado a empleados | D10: -15560644531 | E10: -2884796284
C11: Efectivo generado (usado) por otras actividades | D11: -9028791 | E11: 0
C12: Total de efectivo de las actividades operativas antes de cambios en los activos de operaciones | D12: =SUM(D9:D11) -> 8471232769 | E12: =SUM(E9:E11) -> 14005913432
C13: Aumento (disminución) en pasivos operativos | D13: =SUM(D14) -> -16684470531 | E13: =SUM(E14) -> -11588315343
C14: Pago proveedores | D14: -16684470531 | E14: -11588315343
C15: Efectivo neto de actividades de operación antes de Impuestos | D15: =+D12+D13 -> -8213237762 | E15: =+E12+E13 -> 2417598089
C16: Impuesto a la renta | D16: -11209558 | E16: -142109259
C17: Efectivo neto en actividades de operación | D17: =+D15+D16 -> -8224447320 | E17: =+E15+E16 -> 2275488830
B19: 2. | C19: Flujo de Efectivo por Actividades de Inversión
C20: Inversiones Temporarias | D20: -1624909612 | E20: -3604812866
C21: Adquisición de bienes de uso | D21: -48978536 | E21: -37942411
C22: Intereses percibidos | D22: 851716341 | E22: 830109892
C23: Efectivo neto por (o usado) en actividades de Inversión | D23: =SUM(D20:D22) -> -822171807 | E23: =SUM(E20:E22) -> -2812645385
B25: 3. | C25: Flujo de Efectivo por Actividades de Financiamiento
C26: Proveniente de préstamos y otras deudas | D26: 9517320643 | E26: 4339293150
C27: Dividendos Pagados | D27: -922699 | E27: -3867668981
C28: Intereses Pagados | D28: -1074861476 | E28: -138538280
C29: Valuación de Saldos | D29: -368651057 | E29: 166010725
C30: Efectivo neto en actividades de financiamiento | D30: =SUM(D26:D29) -> 8072885411 | E30: =SUM(E26:E29) -> 499096614
C32: Aumento (o disminución) neto de efectivo y sus equivalentes | D32: =+D30+D23+D17 -> -973733716 | E32: =+E30+E23+E17 -> -38059941
C33: Efectivo y su equivalente al comienzo del periodo | D33: 1915219586 | E33: 1243754115
C34: Efectivo y su equivalente al cierre del periodo | D34: =+D32+D33 -> 941485870 | E34: =+E32+E33 -> 1205694174
C36: Las 9 notas y el Anexo I, II, III, IV, V que se acompañan forman parte integral de los estados financieros.

Sheet EEPN
B2: CADIEM ADMINISTRADORA DE FONDOS PATRIMONIALES DE INVERSIÓN S.A.
B3: ESTADO DE CAMBIOS EN EL PATRIMONIO NETO
B4: =+EFE!B4 -> Correspondiente al 30/06/2026, presentado en forma comparativa con el ejercicio cerrado al 30/06/2025.
B6: CUENTAS | C6: CAPITAL | F6: RESERVA | I6: RESULTADO | K6: PATRIMONIO NETO
C7: SUSCRIPTO | D7: A INTEGRAR | E7: INTEGRADO | F7: LEGAL | G7: FACULTATIVA | H7: REVALÚO | I7: ACUMULADO | J7: DEL EJERCICIO | K7: =+B14 -> 46203 | L7: =+B15 -> 45838
B8: Saldo al inicio | C8: 25000000000 | D8: 0 | E8: 25000000000 | F8: 2087085753 | G8: 0 | H8: 50532033 | I8: 0 | J8: 4064772374 | K8: 3.120239e+10 | L8: 3.1005287e+10
B9: Movimientos subsecuentes | C9: 0 | D9: 0 | E9: 0 | F9: 0 | G9: 0 | H9: 0 | I9: 4064772374 | J9: -4064772374 | K9: =+SUM(E9:J9) -> 0 | L9: 0
B10: Capitalización de Utilidades | C10: 3850000000 | D10: 0 | E10: 3850000000 | F10: 0 | G10: 0 | H10: 0 | I10: -3850000000 | J10: 0 | K10: =+SUM(E10:J10) -> 0 | L10: 0
B11: Reserva Legal | C11: 0 | D11: 0 | E11: 0 | F11: 203238619 | G11: 0 | H11: 0 | I11: -203238619 | J11: 0 | K11: =+SUM(E11:J11) -> 0 | L11: 0
B12: Transf a dividendos a pagar | C12: 0 | D12: 0 | E12: 0 | F12: 0 | G12: 0 | H12: 0 | I12: -11533755 | J12: 0 | K12: =+SUM(E12:J12) -> -11533755 | L12: -3867668981
B13: Resultado del ejercicio | C13: 0 | D13: 0 | E13: 0 | F13: 0 | G13: 0 | H13: 0 | I13: 0 | J13: =+BG!H18 -> 2983200299 | K13: =+SUM(E13:J13) -> 2983200299 | L13: 3061648637
B14: =+EFE!D7 -> 46203 | C14: =SUM(C8:C13) -> 28850000000 | D14: =SUM(D8:D13) -> 0 | E14: =SUM(E8:E13) -> 28850000000 | F14: =SUM(F8:F13) -> 2290324372 | G14: =SUM(G8:G13) -> 0 | H14: =SUM(H8:H13) -> 50532033 | I14: =SUM(I8:I13) -> 0 | J14: =SUM(J8:J13) -> 2983200299 | K14: =SUM(K8:K13) -> 3.4174057e+10 | L14: 0
B15: =+EFE!E7 -> 45838 | C15: 25000000000 | D15: 0 | E15: 25000000000 | F15: 2087085753 | G15: 0 | H15: 50532033 | I15: 0 | J15: 3061648637 | L15: =+SUM(L8:L13) -> 3.0199266e+10
I16: 0
B17: Las 9 notas y el Anexo I, II, III, IV, V que se acompañan forman parte integral de los estados financieros.

Sheet NOTAS
B2: CADIEM ADMINISTRADORA DE FONDOS PATRIMONIALES DE INVERSIÓN S.A.
B3: INFORMACIÓN GENERAL DE LA ENTIDAD
B4: Información al 30/06/2026
B6: 1) Identificación
B7: Razón Social: | C7: Cadiem Administradora de Fondos Patrimoniales de Inversión S.A.
B8: Registro CNV: | C8: Resolución 1008/07 del 27 de febrero de 2007
B9: Dirección: | C9: Quesada N° 4926 - (Edificio Atlas Center, Piso 6i)
B10: Teléfono: | C10: 610-720
B11: Créditos por Repo (*) | C11: cadiemfondos@cadiemfondos.com.py
B12: Sitio WEB: | C12: www.cadiemfondos.com.py
B13: Domicilio Legal: | C13: Quesada N° 4926 - (Edificio Atlas Center, Piso 6i)
B15: 2) Antecedentes sobre constitución de la Sociedad y reformas estatutarias
B17: PARAGUAY FUNDS ADMINISTRADORA DE FONDOS MUTUOS S.A. ha sido constituida por Escritura Pública N.º 41, de fecha 20 de octubre de 2006, pasada ante la Esc. Karen Alice Notario Frutos, en la que constan su denominación, domicilio, duración, objeto, formas de administración y demás requisitos legales para su funcionamiento, inscripta en la Dirección General de los Registros Públicos en la Sección Personas Jurídicas y Asociaciones bajo el N.º 212, folio 2859, Serie “D”, en fecha 19 de febrero de 2007; y en el registro Público de Comercio, bajo el N.º 112, Serie “E”, folio 873 y siguientes, Sección Contratos, en fecha 19 de febrero de 2007. Posteriormente complementada por Escritura Pública N.º 3 de fecha 11 de enero de 2007, autorizada por la N. P. Karen Alice Notario Frutos, de cuyo testimonio se tomó razón en la Dirección General de los Registros Públicos, Sección Personas Jurídicas y Asociaciones, bajo el N.º 23, al folio 2872, Serie “D”, y en el Registro Público de Comercio, bajo el N.º 113, Serie “E”, al folio 886 y siguientes, Sección Contratos, ambas del 19 de febrero de 2007. Y por Escritura Pública Complementaria N.º 125, de fecha 24 de julio de 2008, pasada ante el Esc. Martín José Troche Robbiani, inscripta en la Dirección General de los Registros Públicos en la Sección Personas Jurídicas y Asociaciones bajo el N.º 355, folio 4420 y siguientes, Serie ”B”; y en el registro Público de Comercio, bajo el N.º 534, Serie “D”, folio 5488, Sección Contratos, en fecha 24/07/2008. Por Escritura Pública N.º 489 de fecha 29/07/2013 y Escritura Pública Complementaria N.º 984 de fecha 07/11/2013, pasada ante el Esc. Luis Enrique Peroni Giralt, se ha formalizado la Protocolización de las Actas de Asambleas Generales Extraordinaria de accionistas N.º 11/2012 de fecha 18/10/2012 y culminada luego del cuarto intermedio según Acta N.º 12/2012 de fecha 15/11/2012 en la que se modificó la denominación social por CADIEM Administradora de Fondos Mutuos S.A. y se modificaron sus estatutos sociales y la Asamblea General Ordinaria N.º 13/2013 de fecha 30/04/2013, la cual pasó a cuarto intermedio y prosiguió según Acta N.º 14/2013 de fecha 30/05/2013; inscriptas en la Dirección Gral. de Registros Públicos en el Registro de Personas Jurídicas y Asociaciones bajo el N.º 1399 folio 14709 y siguientes, Serie E, en fecha 27/11/2013; y en el Registro Público de Comercio, Reg. de Contratos, bajo el N.º 366, al folio 2825 y siguientes, Serie H, en fecha 27/11/2013. Por Escritura Pública N.º 1227 de fecha 28/12/2016, pasada ante el Esc. Luis Enrique Peroni Giralt, se ha formalizado la Protocolización de las Actas de Asambleas Generales Extraordinaria de accionistas N.º 17/2016 de fecha 30/03/2016 en la que se modificó la denominación social por CADIEM Administradora de Fondos Patrimoniales de Inversión S.A. y se modificaron sus estatutos sociales; inscriptas en la Dirección Gral. de Registros Públicos en el Registro de Personas Jurídicas y Asociaciones bajo el N.º 1 folio 01 y siguientes, Serie Comercial, en fecha 02/02/2017; y en el Registro Público de Comercio, Reg. de Contratos, bajo el N.º 01, al folio 1 al 20, Serie Comercial, en fecha 02/02/2017.
B36: 3) Administración
B38: CARGO | C38: NOMBRE Y APELLIDO
B39: Representantes Legales
B40: Presidente | C40: César Paredes Franco
B41: Vice-Presidente | C41: Elías Miguel Gelay
B42: Director | C42: Gloria Ayala Person
B43: Síndico | C43: Juana Pabla Galeano
B44: Panal Ejecutiva
B45: Directora Comercial | C45: Natalia Trinidad
B46: Directora Financiera | C46: Fátima Flecha
B47: Director de Fondos | C47: José Monges
B48: Director de Tecnología | C48: Nicolás González
B49: Oficial de Cumplimiento | C49: Raúl Sanchez
B50: Auditor Interno | C50: Virginia Amambay Cardozo
B51: Contador | C51: Jorge Ugarte
B53: 4) Personas y Empresas Vinculadas
B55: NOMBRE | C55: TIPO DE VINCULACIÓN
B56: 1) Cadiem Casa de Bolsa S.A. | C56: a) Accionista Mayoritario - 84,90%
C57: b) Mismos Representantes Legales
C58: c) Misma Plana Ejecutiva
B59: 2) César Paredes Franco | C59: Accionista con Derecho a Voto - Presidente
B60: 3) Elías Miguel Gelay | C60: Accionista con Derecho a Voto - Vicepresidente
B61: 4) Gloria Ayala Person | C61: Accionista con Derecho a Voto - Directora
B63: 5) Auditor Externo Independiente
B65: Razón Social: | C65: BCA - Benítez Codas & Asociados
B66: Registro CNV: | C66: SIV N° AE015
B67: Dirección: | C67: Avenida Brasilia 707 Asunción - Paraguay
B68: Teléfono: | C68: 021 212 505
B71: CADIEM ADMINISTRADORA DE FONDOS PATRIMONIALES DE INVERSIÓN S.A.
B72: Notas a los Estados Financieros
B73: 1) Información básica de la empresa.
B74: Naturaleza jurídica de las actividades de la sociedad.
B76: PARAGUAY FUNDS ADMINISTRADORA DE FONDOS MUTUOS S.A. ha sido constituida por Escritura Pública Nº 41, de fecha 20 de octubre de 2006, pasada ante la Esc. Karen Alice Notario Frutos, en la que constan su denominación, domicilio, duración, objeto, formas de administración y demás requisitos legales para su funcionamiento, inscripta en la Dirección General de los Registros Públicos en la Sección Personas Jurídicas y Asociaciones bajo el Nº 212, folio 2859, Serie “D”, en fecha 19 de febrero de 2007; y en el registro Público de Comercio, bajo el Nº 112, Serie “E”, folio 873 y siguientes, Sección Contratos, en fecha 19 de febrero de 2007. Posteriormente complementada por Escritura Pública Nº 3 de fecha 11 de enero de 2007, autorizada por la N. P. Karen Alice Notario Frutos, de cuyo testimonio se tomó razón en la Dirección General de los Registros Públicos, Sección Personas Jurídicas y Asociaciones, bajo el Nº 23, al folio 2872, Serie “D”, y en el Registro Público de Comercio, bajo el Nº 113, Serie “E”, al folio 886 y siguientes, Sección Contratos, ambas del 19 de febrero de 2007. Y por Escritura Pública Complementaria Nº 125, de fecha 24 de julio de 2008, pasada ante el Esc. Martín José Troche Robbiani, inscripta en la Dirección General de los Registros Públicos en la Sección Personas Jurídicas y Asociaciones bajo el Nº 355, folio 4420 y siguientes, Serie ”B”; y en el registro Público de Comercio, bajo el Nº 534, Serie “D”, folio 5488, Sección Contratos, en fecha 24/07/2008. Por Escritura Pública Nº 489 de fecha 29/07/2013 y Escritura Pública Complementaria Nº 984 de fecha 07/11/2013, pasada ante el Esc. Luis Enrique Peroni Giralt, se ha formalizado la Protocolización de las Actas de Asambleas Generales Extraordinaria de accionistas Nº 11/2012 de fecha 18/10/2012 y culminada luego del cuarto intermedio según Acta Nº 12/2012 de fecha 15/11/2012 en la que se modificó la denominación social por CADIEM Administradora de Fondos Mutuos S.A. y se modificaron sus estatutos sociales y la Asamblea General Ordinaria Nº 13/2013 de fecha 30/04/2013, la cual pasó a cuarto intermedio y prosiguió según Acta Nº 14/2013 de fecha 30/05/2013; inscriptas en la Dirección Gral. de Registros Públicos en el Registro de Personas Jurídicas y Asociaciones bajo el Nº 1399 folio 14709 y siguientes, Serie E, en fecha 27/11/2013; y en el Registro Público de Comercio, Reg. de Contratos, bajo el Nº 366, al folio 2825 y siguientes, Serie H, en fecha 27/11/2013. Por Escritura Pública Nº 1227 de fecha 28/12/2016, pasada ante el Esc. Luis Enrique Peroni Giralt, se ha formalizado la Protocolización de las Actas de Asambleas Generales Extraordinaria de accionistas Nº 17/2016 de fecha 30/03/2016 en la que se modificó la denominación social por CADIEM Administradora de Fondos Patrimoniales de Inversión S.A. y se modificaron sus estatutos sociales; inscriptas en la Dirección Gral. de Registros Públicos en el Registro de Personas Jurídicas y Asociaciones bajo el Nº 1 folio 01 y siguientes, Serie Comercial, en fecha 02/02/2017; y en el Registro Público de Comercio, Reg. de Contratos, bajo el Nº 01, al folio 1 al 20, Serie Comercial, en fecha 02/02/2017.
B96: 2) Principales políticas y prácticas contables aplicadas.
B98: Los estados financieros se han preparado de acuerdo con normas contables y criterios de valuación dictados por la Super Intendencia de Valores y con normas dictadas por el Consejo de Contadores Públicos del Paraguay. La moneda funcional y de presentación de los estados financieros de la entidad es el guaraní, la moneda local de Paraguay. Dado que la inflación acumulada en los últimos tres años, calculada a base del Índice de Precios al Consumidor emitido por el Banco Central del Paraguay, ha sido inferior al 100%, los estados financieros se presentan en unidad de medida heterogénea. Consecuentemente los estados financieros no fueron expresados en moneda homogénea de poder adquisitivo constante.
B104: - Moneda de Cuenta: Los presentes estados contables han sido preparados en base a la moneda oficial del Paraguay, el guaraní.
B105: -Valuaciones: Los estados contables han sido preparados basados en valores históricos.
B106: -Política de Inversiones: Reconocimiento y medición inicial; los instrumentos financieros son reconocidos inicialmente a su costo de adquisición, formando parte del activo. Medición posterior; mientras los instrumentos permanecen en cartera, son valuados a costo más los rendimientos devengados, calculados en base a la tasa nominal del instrumento. Los ingresos por devengamiento son reconocidos en resultados del periodo, con contrapartida en el valor del activo, incrementando el valor en libros de los instrumentos. Reconocimiento de ingresos por venta; al momento de la enajenación de los instrumentos financieros, el ingreso correspondiente es reconocido en el estado de resultados dentro del rubro “Venta de cartera propia”. Determinación del costo de venta; el costo de venta de los instrumentos enajenados se determina utilizando el método de costo promedio ponderado, considerando el valor en libros de los instrumentos al momento de su venta.
B107: -Reconocimiento de Ganancias y Pérdidas: Las ganancias son registradas como ingresos en función a su devengamiento, independientemente de su realización. Las pérdidas se registran cuando se conocen.
B109: -Valuación de Bienes de Uso: Al 31 de diciembre de 2019 los bienes de uso se exponen a su costo histórico revaluado a partir del año siguiente al de su incorporación, de acuerdo con lo establecido en el artículo 12 de la Ley Nº 125/91, menos la correspondiente depreciación acumulada. El incremento neto por revaluación se acredita a la cuenta Reserva de Revalúo del patrimonio neto. La depreciación de los bienes de uso es calculada por el método de línea recta a partir del año siguiente de su incorporación, aplicando las tasas anuales determinadas con base en la vida útil de los bienes. A partir del ejercicio 2020, los bienes de uso se exponen a su costo histórico, revaluado hasta el 31 de diciembre de 2019, menos la correspondiente depreciación acumulada de acuerdo con lo establecido en la Ley 6.380/19. La cuota de depreciación es calculada por el método de línea recta sobre el valor neto contable menos el valor residual de los bienes al 31 de diciembre de 2019, lo que implica un cambio en la base de cálculo de la depreciación respecto al ejercicio anterior. El valor residual es calculado sobre el valor neto contable de los bienes al 31 de diciembre de 2019. De acuerdo con lo establecido por la Ley 6.380/19, el Poder Ejecutivo podrá establecer el revalúo obligatorio de los bienes del activo fijo, cuando la variación del Índice de Precios al Consumo determinado por el Banco Central del Paraguay alcance al menos el 20% acumulado a partir del ejercicio 2019. El reconocimiento del revalúo obligatorio formará parte de una reserva patrimonial cuyo único destino podrá ser la capitalización.
... B135: 4.1) Valuación en moneda extranjera
B137: CONCEPTO | C137: 46203 | D137: 46022 | E137: 45838
B138: Tipo de cambio comprador DNIT | C138: 6069.32 | D138: 6572.46 | E138: 7790.75
B139: Tipo de cambio vendedor DNIT | C139: 6092.98 | D139: 6585.55 | E139: 7807.41
B142: Tipo de cambio comprador BCP | C142: 46203 | D142: =+D137 -> 46022 | E142: =+E137 -> 45838
B143: Tipo de cambio comprador BCP | C143: 6081.67 | D143: 6575.71 | E143: 7784.15
B146: Las partidas de activos y pasivos en moneda extranjera fueron valuadas al tipo de cambio de cierre proporcionado por la Dirección Nacional de Ingresos Tributarios (DNIT), hasta el mes de diciembre del 2024, el cual no difiere significativamente respecto del vigente en el mercado libre de cambios, y de acuerdo a la Resolución SV. SG.N° 00003/2024 se considera la cotización Referencial Mensual, publicada por el Banco Central del Paraguay.
B150: 4.2) Posición en moneda extranjera
B152: DETALLE | C152: MONEDA EXTRANJERA | E152: CAMBIO VIGENTE | F152: 46203 | G152: MONEDA EXTRANJERA | I152: CAMBIO AL 31/12/2025 | J152: SALDO AL 31/12/2025
C153: CLASE | D153: MONTO | G153: CLASE | H153: MONTO
B154: ACTIVOS
B155: Disponibilidades | C155: USD | D155: 93744.341 | E155: =+$C$143 -> 6081.67 | F155: =+D155*E155 -> 570122148 | G155: USD | H155: 227831.9 | I155: =+D143 -> 6575.71 | J155: 1498156503
B156: Créditos | C156: USD | D156: 351167.73 | E156: =+$C$143 -> 6081.67 | F156: =+D156*E156 -> 2.1356862e+09 | G156: USD | H156: 369172.87 | I156: =+I155 -> 6575.71 | J156: 2427573764
B157: Inversiones Temporarias | C157: USD | D157: 1008404.3 | E157: =+$C$143 -> 6081.67 | F157: =+D157*E157 -> 6132782478 | G157: USD | H157: 1334960.9 | I157: =+I156 -> 6575.71 | J157: 8778315738
B158: TOTAL ACTIVO | D158: =SUM(D154:D157) -> 1453316.4 | H158: =SUM(H155:H157) -> 1931965.7
B160: PASIVOS
B161: Proveedor | C161: USD | D161: 74336.02 | E161: =+E157 -> 6081.67 | F161: =+D161*E161 -> 452087142 | G161: USD | H161: 69797.65 | I161: =+I157 -> 6575.71 | J161: 4.589691e+08
B162: Préstamos | C162: USD | D162: 426680.56 | E162: =+E161 -> 6081.67 | F162: =+D162*E162 -> 2594930344 | G162: USD | H162: 624326.14 | I162: 6575.71 | J162: 4105387641
B163: TOTAL PASIVO | D163: =SUM(D160:D162) -> 501016.58 | H163: =SUM(H161:H162) -> 694123.79
B164: POSICIÓN NETA | D164: =+D158-D163 -> 952299.84 | H164: =+H158-H163 -> 1237841.9
B166: 4.3) Diferencia de cambio en moneda extranjera
B168: Concepto | C168: Tipo de Cambio 30/06/2026 | D168: Monto Ajustado 30/06/2026 (Gs) | E168: Tipo de Cambio 30/06/2025 | F168: Monto Ajustado 30/06/2025 (Gs)
B169: Ganancia por valuación de activos monetarios en moneda extranjera | C169: =+C143 -> 6081.67 | D169: 959048215 | E169: 7784.15 | F169: 338069661
B170: Ganancia por valuación de pasivos monetarios en moneda extranjera | C170: =+C169 -> 6081.67 | D170: 740918148 | E170: 7784.15 | F170: 95730961
B171: Pérdida por valuación de activos monetarios en moneda extranjera | C171: =+C170 -> 6081.67 | D171: 1692439540 | E171: 7784.15 | F171: 260422150
B172: Pérdida por valuación de pasivos monetarios en moneda extranjera | C172: =+C171 -> 6081.67 | D172: 376177880 | E172: 7784.15 | F172: 7367747
B174: PERDIDA/GANANCIA | D174: =SUM(D169:D170)-SUM(D171:D173) -> -368651057 | F174: =SUM(F169:F170)-SUM(F171:F173) -> 166010725
B178: 5.1) Disponibilidades: El detalle es el siguiente
B180: Detalle | C180: =+BG!D7 -> 46203 | D180: =+BG!E7 -> 46022
B181: Bancos Gs
B182: Banco Itau Paraguay S.A. | C182: 305804076 | D182: 404858897
B183: Banco GNB Paraguay S.A. | C183: 60559646 | D183: 7204186
B184: Banco Continental S.A.E.CA Cta Cte | C184: 5000000 | D184: 5000000
B186: Bancos USD
B187: Banco Itau Paraguay S.A | C187: 536490513 | D187: 1449910519
B188: Banco Continental S.A.E.CA Cta Cte | C188: 3223285 | D188: 32878550
B189: Banco GNB Paraguay S.A | C189: 30408350 | D189: 15367434
B191: Total | C191: =SUM(C181:C190) -> 941485870 | D191: =SUM(D181:D190) -> 1915219586
B193: 5.2) Créditos: El detalle de Créditos Corrientes y No Corrientes es el siguiente
B195: DETALLE CORRIENTE | C195: CONCEPTO | D195: =+C180 -> 46203 | E195: =+D180 -> 46022
B196: Documentos y cuentas por Cobrar
B197: Fondo Mutuo Crecimiento Renta Fija en Gs | C197: Comisión | D197: 1448599622 | E197: 1194503532
B198: Fondo M. Disponible Dolares Americanos | C198: Comisión | D198: 1111282698 | E198: 784128692
B199: Fondo Mutuo Disponible Renta Fija en Gs | C199: Comisión | D199: 1087721289 | E199: 718811497
B200: Fondo Mutuo Proyeccion Guaranies | C200: Comisión | D200: 5077916
B201: Fondo Mutuo Proyeccion Dolares | C201: Comisión | D201: 307245
B202: Fondo de Inversión Link Center | C202: Comisión | D202: 621018901 | E202: 672762113
...
